Map: 16-Bit LE

Players

Evolutiion - Winner!

  • Race: Terran Terran
  • League: Gold
  • Spawn Location: 7:00

Frauke

  • Race: Terran Terran
  • League: Silver
  • Spawn Location: 1:00

VOD

Have the link to the VOD?

Description

Time

  • Played on: May 5, 2018, 5:47 p.m.
  • Length: 9:21
Show
View Real Time Build Order
Export as new Build Order

Evolutiion Terran - Winner!

Build Orders: Reaper Expand, MMM Bio 

Get SALT Encoding   

  12  0:05  SCV  
  13  0:22  SCV  
  13  0:25  Supply Depot  
  14  0:34  SCV  
  15  0:47  SCV  
  15  0:49  Barracks  
  16  0:50  Refinery  
  16  0:59  SCV  
  17  1:11  SCV  
  18  1:23  SCV  
  19  1:36  Reaper  
  19  1:37  Orbital Command  
  20  1:50  Command Center  
  20  1:56  Supply Depot  
  20  2:03  Refinery  
  20  2:04  SCV  
  21  2:09  Barracks Reactor  
  21  2:18  SCV  
  22  2:30  SCV  
  23  2:40  Factory  
  23  2:42  SCV  
  24  3:11  SCV  
  25  3:15  Engineering Bay x2, Orbital Command  
  25  3:39  SCV  
  25  3:42  SCV  
  26  3:50  Factory Reactor  
  26  3:51  SCV  
  26  3:53  Starport  
  27  3:56  Barracks, SCV  
  27  3:57  Barracks  
  28  4:03  SCV  
  28  4:07  Marine  
  28  4:08  Marine, SCV  
  32  4:15  SCV  
  33  4:20  SCV  
  34  4:25  Marine, Refinery  
  34  4:26  Marine  
  34  4:27  SCV, Refinery  
  37  4:32  SCV  
  38  4:40  SCV  
  38  4:43  Marine x2, Terran Infantry Armor Level 1, Terran Infantry Weapons Level 1  
  38  4:44  SCV  
  42  4:48  Barracks Tech Lab  
  42  4:49  Barracks Reactor  
  42  4:52  SCV  
  43  4:56  SCV  
  44  5:03  Supply Depot  
  44  5:04  SCV  
  45  5:07  Stimpack  
  45  5:09  SCV  
  46  5:16  Medivac x2, SCV  
  46  5:19  Supply Depot  
  51  5:21  SCV  
  51  5:26  Supply Depot  
  51  5:28  SCV  
  53  5:31  Marine x2  
  53  5:32  Marauder  
  53  5:33  Marine x2  
  53  5:34  SCV  
  60  5:42  Supply Depot, Barracks  
  60  5:46  Barracks  
  60  5:56  Armory  
  60  5:57  Medivac  
  60  5:58  Medivac  
  60  6:00  Marine x4  
  69  6:06  Supply Depot, Marauder  
  70  6:17  Supply Depot  
  70  6:18  Marine x3  
  71  6:21  SCV x2  
  75  6:28  Marauder  
  75  6:30  Marine x2  
  79  6:32  Medivac  
  79  6:33  Medivac  
  79  6:36  Marine  
  79  6:38  Marine  
  79  6:39  Marine x2  
  87  6:40  Supply Depot  
  87  6:48  Terran Infantry Weapons Level 2  
  87  6:49  Terran Infantry Armor Level 2  
  87  6:54  Marine x3  
  87  6:55  Marine  
  91  7:10  Marine x3  
  91  7:12  Marine x2  
  91  7:13  Combat Shields  
  96  7:17  Marine x2  
  98  7:28  Marine x3  
  101  7:30  Marine x2  
  101  7:35  Marine x2  
  105  7:46  Marine x3  
  105  7:47  Marine  
  105  7:48  Marine  
  110  7:51  Supply Depot  
  110  7:53  Marine x2  
  112  7:59  Medivac  
  112  8:00  Medivac  
  112  8:03  Marine  
  112  8:04  Marine x2  
  119  8:05  Marine  
  119  8:06  Marine  
  119  8:11  Marine x2  
  123  8:17  Supply Depot  
  123  8:21  Marine x3  
  124  8:40  Supply Depot  
  121  9:01  Marine x2  
  121  9:02  Marine x5  
Show
View Real Time Build Order
Export as new Build Order

Frauke Terran 

Build Orders:  

Get SALT Encoding   

  12  0:01  SCV  
  13  0:17  Supply Depot  
  13  0:40  SCV  
  14  0:43  Supply Depot  
  14  0:52  SCV  
  15  1:09  Barracks  
  15  1:11  SCV  
  16  1:31  Engineering Bay  
  16  1:43  Refinery  
  16  1:44  SCV  
  17  1:56  SCV  
  17  1:57  Barracks  
  18  2:08  SCV  
  19  2:20  SCV  
  20  2:28  Marine  
  21  2:32  SCV  
  22  2:44  SCV  
  22  2:46  Marine  
  23  3:04  Marine  
  24  3:21  Marine  
  23  3:39  Marine  
  23  3:40  Marine  
  24  3:49  Factory  
  24  3:57  Reaper  
  24  3:58  Marine  
  26  4:05  Orbital Command  
  26  4:09  Refinery  
  26  4:15  Marine  
  27  4:29  Marine  
  28  4:33  Marine  
  28  4:34  Factory  
  28  4:37  Factory Reactor  
  29  4:55  Command Center, Barracks Reactor  
  29  5:02  Barracks Tech Lab  
  29  5:21  SCV  
  30  5:31  Supply Depot  
  30  5:33  SCV  
  31  5:41  Cyclone  
  34  5:43  Cyclone  
  34  5:45  SCV  
  38  5:59  Marine x2  
  38  6:00  Marine  
  41  6:10  Refinery  
  41  6:13  SCV  
  41  6:17  Marine x2  
  44  6:20  Cyclone  
  44  6:22  Cyclone  
  44  6:25  SCV  
  51  6:37  SCV  
  52  6:49  SCV  
  52  6:52  Cyclone  
  56  7:02  Marauder  
  56  7:07  SCV  
  59  7:19  SCV  
  60  7:24  Marauder  
  60  7:27  Factory Reactor  
  62  7:37  Refinery  
  62  7:47  Marine x2  
  62  7:48  Marauder, SCV  
  67  7:52  Supply Depot  
  67  7:58  Cyclone  
  70  8:14  Marauder, Cyclone x2  
  78  8:22  Marine  
  78  8:23  Marine, SCV  
  78  8:26  Supply Depot  
  69  8:30  Cyclone  
  67  8:46  Cyclone  
  58  8:57  SCV  
Tags
 
Composition
MMM Bio
Matchup
TvT
Race
Terran
Spawn Locations
Cross Positions
Add a new tag
Caveats
  • Supply blocks, unpowered buildings, or Contaminate may cause inaccurate times.
  • Supply counts are checked every 10 seconds.